 Dungeon Crawl Stone Soup version 0.27.1-34-g3ba077fa99 (webtiles) character file.

Game seed: 14369843292781775331

268531 Ijustatesigmund the Warrior (level 20, -2/139 HPs)
             Began as a Gargoyle Fighter on Feb 1, 2022.
             Was the Champion of Cheibriados.
             Killed from afar by a tengu reaver (40 damage)
             ... with a bolt of fire
             ... on level 1 of the Vaults on Feb 2, 2022.
             The game lasted 01:56:15 (44049 turns).

Ijustatesigmund the Warrior (Gargoyle Fighter)     Turns: 44049, Time: 01:56:15

Health: -2/139     AC: 36    Str: 36    XL:     20   Next: 15%
Magic:  29/29      EV: 24    Int: 31    God:    Cheibriados [******]
Gold:   1551       SH: 21    Dex: 25    Spells: 13/19 levels left

rFire    . . .     SeeInvis .   a - +3 eveningstar (spect)
rCold    + . .     Faith    .   c - +2 kite shield {rC+}
rNeg     + . .     Spirit   .   F - +3 ring mail of Gluttony {Slay+3 Stlth+}
rPois    ∞         Reflect  +   r - +1 helmet
rElec    +         Harm     .   v - +1 cloak
rCorr    .         Rampage  .   j - +2 pair of gloves
Will     ++...                  l - +1 pair of boots
Stlth    ++........             Y - amulet of reflection
HPRegen  0.33/turn              z - +4 ring of slaying
MPRegen  0.21/turn              W - +4 ring of evasion

@: about to teleport, marked, flying, studying Dodging, very slow
A: sickness immunity, AC +15, big wings, negative energy resistance 1,
electricity resistance, torment resistance 1, petrification resistance, low mp
1, strong-willed 1
}: 2/15 runes: barnacled, gossamer
a: Renounce Religion, Bend Time, Temporal Distortion, Slouch, Step From Time


You were on level 1 of the Vaults.
You worshipped Cheibriados.
Cheibriados was exalted by your worship.
You visited 7 branches of the dungeon, and saw 33 of its levels.
You visited the Abyss 1 time.
You visited 1 bazaar.
You also visited: Sewer and Ice Cave.

You collected 3652 gold pieces.
You spent 2101 gold pieces at shops.

Inventory:

Hand Weapons
 a - a +3 spectral eveningstar (weapon)
 A - a +1 spectral eveningstar
Missiles
 b - 3 throwing nets
 Z - 7 silver javelins (quivered)
Armour
 c - a +2 kite shield of cold resistance (worn)
 j - a +2 pair of gloves (worn)
 l - a +1 pair of boots (worn)
 r - a +1 helmet (worn)
 v - a +1 cloak (worn)
 F - the +3 ring mail of Gluttony (worn) {Slay+3 Stlth+}
   (You found it on level 3 of the Lair of Beasts)

   Slay:      It affects your accuracy & damage with ranged weapons and melee
   (+3).
   Stlth:     It makes you more stealthy.
Jewellery
 e - a ring of see invisible
 f - a ring of wizardry
 o - a ring of resist corrosion
 z - a +4 ring of slaying (left hand)
 M - a ring of positive energy
 P - a ring of ice
 S - the ring "Riewab" {rN+ Int+6 Dex+3}
   (You found it on level 1 of the Orcish Mines)

   [ring of intelligence]

   Int:       It affects your intelligence (+6).
   Dex:       It affects your dexterity (+3).
   rN:        It protects you from negative energy.
 T - an amulet of the acrobat
 U - a ring of willpower
 W - a +4 ring of evasion (right hand)
 Y - an amulet of reflection (around neck)
Wands
 k - a wand of mindburst (20)
 p - a wand of iceblast (34)
 t - a wand of flame (140)
 w - a wand of polymorph (23)
 x - a wand of digging (20)
 I - a wand of acid (6)
 J - a wand of paralysis (7)
 L - a wand of charming (39)
Scrolls
 g - a scroll of holy word
 u - 2 scrolls of amnesia
 y - 2 scrolls of blinking
 D - 8 scrolls of teleportation
 H - a scroll of summoning
 K - 9 scrolls of identify
 O - 7 scrolls of magic mapping
 R - 4 scrolls of fear
 V - 4 scrolls of fog
 X - a scroll of immolation
Potions
 d - 2 potions of resistance
 h - 3 potions of cancellation
 i - 7 potions of curing
 m - 8 potions of lignification
 n - 12 potions of brilliance
 q - 4 potions of attraction
 s - 2 potions of invisibility
 B - 6 potions of ambrosia
 C - 3 potions of magic
 E - 3 potions of heal wounds
 G - a potion of might
 Q - 3 potions of mutation
Miscellaneous
 N - a condenser vane


   Skills:
 + Level 19.2 Fighting
 - Level 16.1 Maces & Flails
 - Level 2.8 Throwing
 - Level 9.3 Armour
 - Level 11.6 Dodging
 - Level 9.4 Shields
 + Level 2.8 Necromancy
 + Level 13.3 Translocations
 + Level 17.6 Invocations
 - Level 5.3 Evocations


You had 13 spell levels left.
You knew the following spells:

 Your Spells              Type           Power      Damage    Failure   Level
a - Apportation           Tloc           100%       N/A       1%          1
b - Animate Skeleton      Necr           34%        N/A       8%          1
c - Passage of Golubria   Tloc           N/A        N/A       1%          4

Your spell library contained the following spells:

 Spells                   Type           Power      Damage    Failure   Level
 Corona                   Hex            0%         N/A       24%         1
 Sandblast                Erth           0%         2d4       24%         1
 Sting                    Tmut/Pois      0%         1d3       24%         1
 Summon Small Mammal      Summ           0%         N/A       24%         1
 Ensorcelled Hibernation  Hex/Ice        0%         N/A       34%         2
 Passwall                 Tmut/Erth      0%         N/A       34%         2
 Static Discharge         Conj/Air       0%         N/A       34%         2
 Ozocubu's Armour         Ice            0%         N/A       56%         3
 Spider Form              Tmut/Pois      0%         N/A       56%         3
 Tukima's Dance           Hex            0%         N/A       56%         3
 Dispel Undead            Necr           17%        3d10      58%         4
 Leda's Liquefaction      Hex/Erth       0%         N/A       93%         4
 Petrify                  Tmut/Erth      0%         N/A       93%         4
 Sticky Flame             Conj/Fire      0%         2d3       93%         4
 Summon Lightning Spire   Summ/Air       0%         N/A       93%         4
 Blade Hands              Tmut           0%         N/A       100%        5
 Bolt of Magma            Conj/Fire/Erth 0%         4d4       100%        5
 Fireball                 Conj/Fire      0%         3d3       100%        5
 Iskenderun's Battlesphe  Conj           0%         2d6       100%        5
 Lee's Rapid Deconstruct  Erth           0%         3d5*      100%        5
 Yara's Violent Unravell  Hex/Tmut       0%         3d3       100%        5
 Iron Shot                Conj/Erth      0%         9d1       100%        6
 Shadow Creatures         Summ           N/A        N/A       100%        6
 Starburst                Conj/Fire      0%         6d3       100%        6
 Ozocubu's Refrigeration  Ice            0%         4d5       100%        7
 Spellforged Servitor     Conj/Summ      0%         N/A       100%        7
 Storm Form               Tmut/Air       0%         N/A       100%        7
 Ignition                 Fire           0%         3d3       100%        8
 Maxwell's Capacitive Co  Air            0%         ∞         100%        8
 Statue Form              Tmut/Erth      Unusable   N/A       N/A         6

Dungeon Overview and Level Annotations

Branches:
Dungeon (15/15)            Temple (1/1) D:5            Lair (6/6) D:10
 Shoals (4/4) Lair:4       Spider (4/4) Lair:3        Slime (0/5) Lair:5
    Orc (2/2) D:9             Elf (0/3) Orc:2        Vaults (1/5) D:14
 Depths (0/5) D:15          Sewer (visited)           IceCv (visited)

Altars:
Ashenzari
Cheibriados
Dithmenos
Elyvilon
Fedhas
Gozag
Hepliaklqana
Kikubaaqudgha
Makhleb
Nemelex Xobeh
Okawaru
Qazlal
Ru
Sif Muna
Trog
Uskayaw
Vehumet
Wu Jian
Xom
Yredelemnul
Zin
The Shining One
Beogh

Shops:
Orc:2 ([*=   Vaults:1 :

Portals:
Trove: D:12 (give +5 ice dragon scales)


Innate Abilities, Weirdness & Mutations

You are immune to sickness and miasma.
Your stone body is resilient. (AC +15)
You are immune to poison.
Your large and strong wings let you fly.
You resist negative energy. (rN+)
You are resistant to electric shocks. (rElec)
You are resistant to unholy torment.
You are immune to petrification.
Your magical capacity is low. (-10% MP)
You are strong-willed. (Will+)


Message History

The bolt of cold hits you!! You resist.
A yaktaur comes into view.
The tengu reaver gestures at you while chanting.
The bolt of lightning hits you. You resist.
The yaktaur wields a +0 arbalest.
The yaktaur shoots a bolt.
The bolt closely misses you.
You hit the glowing orange brain.
The glowing orange brain is heavily wounded.
Your +3 spectral eveningstar hits the glowing orange brain!!
The glowing orange brain pulsates.
You resist with almost no effort.
You bludgeon the glowing orange brain!!
You kill the glowing orange brain!
Cheibriados appreciates the change of pace.
The wizard dissolves into shadows!
The yaktaur captain dissolves into shadows!
The tengu reaver points at you and mumbles some strange words.
The bolt of acid misses you.
Electricity crackles from the ironbound thunderhulk's apparatus.
The bolt of lightning hits you! You resist.
The yaktaur shoots a bolt.
You reflect the bolt off an invisible shield around you!
The bolt hits the yaktaur!
You have finished your manual of Translocations and toss it away.
The frost giant hits you with a +2 battleaxe of freezing!!
The frost giant freezes you.
The yaktaur shoots a bolt.
The bolt hits you but does no damage.
The frost giant points at you and mumbles some strange words.
The bolt of cold misses you.
The yaktaur shoots a bolt.
You reflect the bolt off an invisible shield around you!
The bolt hits the yaktaur!!
You kill the yaktaur!
Cheibriados thoroughly appreciates the change of pace.
As you read the scroll of teleportation, it crumbles to dust.
You feel strangely unstable.
The frost giant hits you with a +2 battleaxe of freezing!!
* * * LOW HITPOINT WARNING * * *
The frost giant freezes you.
* * * LOW HITPOINT WARNING * * *
The tengu reaver gestures at you while chanting.
The bolt of fire hits you!!!
You die...

..########## ..#
..#.. ..# #..#u
.c# #..+ c.# #..#
..# #########..#
..(...
...........######'
......
......Q.......)...
.....
......C@..p.c....
....
........§....###
..# #########.)..#
..# #O...# ..#
#....# ..# #....#
..# #.O..# ..#
#....# ..# #....#


You could see a frost giant, a vault warden, an ironbound thunderhulk, a tengu
reaver and a yaktaur.

Vanquished Creatures
  Saint Roka (Orc:2)
  Arachne (Spider:2)
  4 sphinxes (Shoals:4)
  Kirke (Shoals:2)
  Roxanne (Spider:3)
  The ghost of barkas the Spear-Bearer, a journeyman CeMo of Okawaru (Orc:1)
  5 ghost moths
  2 orc warlords (Orc:2)
  3 ironbound preservers (Vaults:1)
  6 emperor scorpions
  2 very ugly things (Vaults:1)
  A reaper (IceCv)
  3 entropy weavers
  4 spark wasps
  A merfolk javelineer (Shoals:2)
  2 merfolk impalers
  3 fire dragons (D:15)
  The ghost of waddelsworth the Basher, a journeyman MiFi (D:9)
  A great orb of eyes (D:14)
  Fannar (Orc:1)
  9 hydras
  A yaktaur captain (Vaults:1)
  10 boulder beetles
  3 ice dragons
  A vault guard (D:14)
  3 merfolk avatars
  9 centaur warriors
  4 two-headed ogres
  9 satyrs
  5 tengu warriors
  A merfolk aquamancer (Shoals:4)
  2 alligator snapping turtles (Shoals:2)
  A thrashing horror (Abyss:2)
  4 death yaks (Lair:3)
  An orc high priest (Orc:2)
  Urug (Orc:1)
  Sonja (Orc:1)
  12 sea snakes
  3 skeletal warriors (D:15)
  A glowing orange brain (Vaults:1)
  9 deep trolls (Vaults:1)
  4 lindwurms
  28 harpies
  23 orb spiders
  13 ugly things
  3 wizards
  3 deep elf pyromancers
  A necromancer (Vaults:1)
  An oklob plant (Lair:2)
  27 wolf spiders
  4 orc knights (Orc:2)
  6 orc sorcerers (Orc:2)
  22 manticores
  8 cyclopes
  30 fauns
  A will-o-the-wisp (Abyss:2)
  3 human skeletons (Vaults:1)
  11 merfolk sirens
  4 moths of wrath
  6 water nymphs
  2 ice statues
  5 black mambas
  5 vault sentinels (Vaults:1)
  7 torpor snails
  18 cane toads
  3 kobold demonologists
  11 demonic crawlers
  3 yaktaurs (Vaults:1)
  7 komodo dragons
  Maggie (D:7)
  4 rime drakes
  2 efreet (D:13)
  2 tengu conjurers
  An anaconda simulacrum (IceCv)
  An entropy weaver simulacrum (IceCv)
  32 jumping spiders
  22 merfolk
  13 hornets
  Grinder (D:4)
  7 trolls
  16 polar bears
  2 raiju (Lair:6)
  5 tyrant leeches
  19 blink frogs
  5 wind drakes
  A wolf spider simulacrum (D:11)
  8 dream sheep
  21 slime creatures
  9 snapping turtles
  Sigmund (D:4)
  23 tarantellas
  3 shadows
  A vampire (D:12)
  46 redbacks
  5 water elementals
  A tarantella (shapeshifter) (D:15)
  2 dire elephant simulacra (IceCv)
  2 wyverns
  60 yaks
  6 basilisks
  4 neqoxecs (Orc:1)
  A steam dragon (D:8)
  4 vampire mosquitoes (D:12)
  2 death yak simulacra (Lair:5)
  7 wargs
  2 harpy simulacra (IceCv)
  A two-headed ogre zombie (D:9)
  13 hell hounds (Lair:6)
  3 acid dragons
  13 water moccasins
  3 ice beasts (Lair:3)
  2 sky beasts
  40 orc warriors
  12 black bears
  7 ogres
  A necrophage (D:4)
  27 wolves
  10 centaurs
  A phantom (D:6)
  2 kobold brigands
  14 bullfrogs
  A gnoll sergeant (D:10)
  3 cane toad simulacra (IceCv)
  A water moccasin zombie (D:5)
  6 two-headed ogre simulacra (IceCv)
  4 scorpions (D:14)
  3 troll zombies (D:9)
  2 elephant simulacra (IceCv)
  12 killer bees
  5 electric eels
  22 wights
  3 howler monkeys
  5 centaur zombies
  3 bullfrog zombies
  5 jellies
  4 quasits (Orc:1)
  7 hounds
  Crazy Yiuf (D:5)
  A bullfrog skeleton (D:6)
  26 orc priests
  A centaur skeleton (D:7)
  An iguana (D:5)
  2 gnoll shamans
  29 orc wizards
  Natasha (thrice) (D:2)
  2 polar bear simulacra (IceCv)
  4 spriggan simulacra (IceCv)
  4 troll simulacra (IceCv)
  2 wolf simulacra
  4 ogre zombies (D:9)
  3 howler monkey zombies
  19 gnolls
  6 adders
  8 naga simulacra (IceCv)
  A shadow imp (D:6)
  8 white imps
  7 ufetubi
  An adder skeleton (D:4)
  10 worms
  A dart slug (D:2)
  90 orcs
  14 ball pythons
  18 endoplasms
  7 giant cockroaches
  7 goblins
  5 hobgoblins
  12 jackals
  20 kobolds
  3 quokkas
  3 bats
  5 frilled lizards
  2 goblin skeletons (D:9)
  2 goblin zombies (D:9)
  A hobgoblin skeleton (D:9)
  3 hobgoblin zombies (D:9)
  3 orc skeletons (D:9)
  14 orc zombies (D:9)
  3 rats
  A bush (Abyss:2)
  A fungus (Lair:2)
1328 creatures vanquished.

Vanquished Creatures (collateral kills)
  A satyr (Shoals:4)
  A water elemental (Shoals:4)
2 creatures vanquished.

Vanquished Creatures (others)
  3 slime creatures (Vaults:1)
  A hound (D:4)
  A worm (D:14)
  An orc (D:5)
  A quokka (D:11)
  A demonic plant (Abyss:2)
  2 foxfires (Abyss:2)
  33 fungi
  112 plants
155 creatures vanquished.

Grand Total: 1485 creatures vanquished

Notes
Turn   | Place    | Note
-------+----------+-------------------------------------------
     0 | D:1      | Ijustatesigmund the Gargoyle Fighter began the quest for
                  | the Orb.
     0 | D:1      | Reached XP level 1. HP: 14/14 MP: 1/1
   434 | D:1      | Reached XP level 2. HP: 19/19 MP: 2/2
   754 | D:1      | Found a faded altar of an unknown god.
   936 | D:2      | Reached XP level 3. HP: 10/24 MP: 3/3
  1789 | D:2      | Noticed Natasha
  1806 | D:2      | Killed Natasha
  1807 | D:2      | Reached skill level 4 in Fighting
  1807 | D:2      | Reached XP level 4. HP: 18/29 MP: 4/4
  1911 | D:2      | Noticed Natasha
  1925 | D:2      | Killed Natasha
  2223 | D:2      | Noticed Natasha
  2237 | D:2      | Killed Natasha
  2544 | D:3      | Reached XP level 5. HP: 31/34 MP: 5/5
  2581 | D:3      | Noticed an ogre
  2585 | D:3      | Killed an ogre
  2632 | D:3      | Reached skill level 5 in Maces & Flails
  2633 | D:3      | Found a glowing drain.
  2694 | Sewer    | Entered a sewer
  2796 | Sewer    | Reached XP level 6. HP: 39/40 MP: 6/6
  3482 | D:3      | Reached skill level 5 in Fighting
  4385 | D:4      | Noticed a necrophage
  4401 | D:4      | Killed a necrophage
  4409 | D:4      | Reached XP level 7. HP: 43/44 MP: 7/7
  4561 | D:4      | Noticed Grinder
  4570 | D:4      | Paralysed by Grinder for 3 turns
  4579 | D:4      | Paralysed by Grinder for 6 turns
  4585 | D:4      | Killed Grinder
  4586 | D:4      | Reached skill level 5 in Shields
  4856 | D:4      | Noticed Sigmund
  4872 | D:4      | Killed Sigmund
  4873 | D:4      | Reached skill level 6 in Fighting
  4873 | D:4      | Reached XP level 8. HP: 43/51 MP: 8/8
  5064 | D:5      | Entered Level 5 of the Dungeon
  5098 | D:5      | Found a staircase to the Ecumenical Temple.
  5165 | D:5      | Reached skill level 5 in Armour
  5714 | Temple   | Entered the Ecumenical Temple
  5771 | Temple   | Became a worshipper of Cheibriados the Contemplative
  5815 | D:5      | Found a runed translucent door.
  5816 | D:5      | Noticed Crazy Yiuf
  5978 | D:5      | Found an iron altar of Okawaru.
  6421 | D:5      | Killed Crazy Yiuf
  6476 | D:5      | Reached skill level 1 in Invocations
  7002 | D:6      | Reached * piety under Cheibriados
  7044 | D:6      | Reached skill level 7 in Fighting
  7065 | D:6      | Reached XP level 9. HP: 57/57 MP: 9/11
  7871 | D:7      | Reached ** piety under Cheibriados
  8040 | D:7      | Reached skill level 12 in Fighting
  8040 | D:7      | Reached skill level 10 in Maces & Flails
  8040 | D:7      | Reached XP level 10. HP: 72/72 MP: 12/12
  8166 | D:7      | Noticed a cyan ugly thing
  8185 | D:7      | Killed a cyan ugly thing
  8186 | D:7      | Reached skill level 1 in Dodging
  8368 | D:7      | Noticed a cyclops
  8372 | D:7      | Noticed a boulder beetle
  8375 | D:7      | Killed a cyclops
  8545 | D:7      | Killed a boulder beetle
  8546 | D:7      | Reached XP level 11. HP: 76/76 MP: 11/14
  8776 | D:7      | Noticed Maggie
  8791 | D:7      | Killed Maggie
  9152 | D:8      | Reached skill level 5 in Invocations
  9251 | D:8      | Identified the +6 falchion "Killer Klown's Curse" {vorpal,
                  | rN++}
  9415 | D:8      | Reached *** piety under Cheibriados
  9945 | D:9      | Noticed a two-headed ogre
  9955 | D:9      | Killed a two-headed ogre
  9956 | D:9      | Reached skill level 13 in Fighting
 10138 | D:9      | Found a staircase to the Orcish Mines.
 10158 | D:9      | Reached **** piety under Cheibriados
 10797 | D:9      | Reached XP level 12. HP: 84/84 MP: 16/16
 10961 | D:9      | Found a basalt altar of Yredelemnul.
 10967 | D:9      | Found a bloodstained altar of Trog.
 10968 | D:9      | Found a burning altar of Makhleb.
 10968 | D:9      | Found a sacrificial altar of Ru.
 10968 | D:9      | Found an ornate altar of the Wu Jian Council.
 10970 | D:9      | Found a stormy altar of Qazlal.
 10971 | D:9      | Found an opulent altar of Gozag.
 10995 | D:9      | Found a large runed translucent door.
 11000 | D:9      | Found a large runed translucent door.
 11020 | D:9      | Noticed waddelsworth's ghost (journeyman MiFi)
 11414 | D:9      | Killed waddelsworth's ghost
 11591 | D:10     | Entered Level 10 of the Dungeon
 11613 | D:10     | Found a staircase to the Lair.
 11648 | D:10     | Reached ***** piety under Cheibriados
 11767 | D:10     | Noticed a two-headed ogre
 11775 | D:10     | Killed a two-headed ogre
 12148 | D:10     | Reached XP level 13. HP: 83/88 MP: 18/18
 12182 | D:10     | Found the +8 autumn katana {vorpal, Clar}
 12486 | D:11     | Found a white marble altar of Elyvilon.
 13453 | D:12     | Reached skill level 14 in Fighting
 14224 | D:12     | Found a portal to a secret trove of treasure.
 14605 | Lair:1   | Entered Level 1 of the Lair of Beasts
 14732 | Lair:1   | You fall into a shaft and drop 1 floor!
 14739 | Lair:2   | Reached ****** piety under Cheibriados
 14985 | Lair:1   | Gained mutation: Your large and strong wings let you fly.
                  | [Gargoyle growth]
 14985 | Lair:1   | Reached XP level 14. HP: 96/96 MP: 20/20
 15838 | Lair:2   | Found a transporter.
 15839 | Lair:2   | Found a transporter.
 15979 | Lair:2   | Identified the +3 hand axe "Kusooceicy" {freeze, Will+
                  | Int+6}
 16565 | Lair:3   | Reached skill level 10 in Invocations
 16931 | Lair:3   | Found a hole to the Spider Nest.
 17083 | Lair:3   | Reached skill level 5 in Dodging
 17176 | Lair:3   | Reached skill level 15 in Fighting
 17315 | Lair:3   | Identified the +3 ring mail of Gluttony {Slay+3 Stlth+}
 18202 | Lair:4   | Found a staircase to the Shoals.
 18448 | Lair:5   | Found a staircase to the Slime Pits.
 18670 | Lair:5   | Found a frozen archway.
 18685 | IceCv    | Entered an ice cave
 19445 | IceCv    | Noticed a reaper
 19459 | IceCv    | Killed a reaper
 19460 | IceCv    | Reached XP level 15. HP: 57/103 MP: 16/23
 20669 | Lair:6   | Entered Level 6 of the Lair of Beasts
 20761 | Lair:6   | Reached skill level 5 in Evocations
 21721 | Lair:6   | Identified a scroll of acquirement
 21722 | Lair:6   | Acquired a manual of Dodging
 22187 | Lair:6   | Found a runed translucent door.
 22867 | Lair:6   | Identified the +0 leather armour of the Garden {Contam
                  | rPois Str+7}
 23134 | Orc:1    | Entered Level 1 of the Orcish Mines
 23412 | Orc:1    | Found a transporter.
 23425 | Orc:1    | Noticed barkas's ghost (journeyman CeMo)
 23429 | Orc:1    | Noticed Sonja
 23432 | Orc:1    | Noticed Fannar
 23433 | Orc:1    | Found a transporter.
 23438 | Orc:1    | Killed Fannar
 23444 | Orc:1    | Killed Sonja
 23461 | Orc:1    | Noticed Urug
 23483 | Orc:1    | Killed Urug
 24029 | Orc:1    | Gained mutation: Your magical capacity is low. (-10% MP) [a
                  | neqoxec]
 24030 | Orc:1    | Gained mutation: You are strong-willed. (Will+) [a neqoxec]
 24046 | Orc:1    | Killed barkas's ghost
 24047 | Orc:1    | Reached XP level 16. HP: 62/110 MP: 16/23
 24054 | Orc:1    | Identified the ring "Riewab" {rN+ Int+6 Dex+3}
 24251 | Orc:2    | Entered Level 2 of the Orcish Mines
 24256 | Orc:2    | Noticed Saint Roka
 25199 | Orc:2    | Killed Saint Roka
 25465 | Orc:2    | Found a staircase to the Elven Halls.
 25538 | Orc:2    | Found a gateway to a bazaar.
 25600 | Bazaar   | Entered a bazaar
 25600 | Bazaar   | Found Bufuigi's Antique Armour Shop.
 25600 | Bazaar   | Found Muenexon's Antique Weapon Shop.
 25618 | Bazaar   | Found Ekum's General Store.
 25629 | Bazaar   | Found Anes Fer's Magic Scroll Boutique.
 25649 | Bazaar   | Found Ytam Pia's Book Emporium.
 25657 | Bazaar   | Bought a book of Cantrips for 160 gold pieces
 25659 | Bazaar   | Learned a level 1 spell: Apportation
 25684 | Bazaar   | Bought a pair of glowing boots for 225 gold pieces
 25684 | Bazaar   | Bought a pair of embroidered gloves for 225 gold pieces
 25697 | Bazaar   | Bought a scroll of identify for 18 gold pieces
 25708 | Bazaar   | Bought a scroll of enchant armour for 97 gold pieces
 25708 | Bazaar   | Bought 2 scrolls of teleportation for 78 gold pieces
 25708 | Bazaar   | Bought a scroll of fog for 26 gold pieces
 25708 | Bazaar   | Bought a scroll of teleportation for 39 gold pieces
 25708 | Bazaar   | Bought a scroll of fear for 45 gold pieces
 25708 | Bazaar   | Bought a scroll of brand weapon for 260 gold pieces
 25795 | Orc:2    | Reached skill level 1 in Translocations
 26632 | Orc:2    | Reached skill level 10 in Dodging
 26682 | Orc:2    | Found Roleg's General Store.
 26684 | Orc:2    | Found Coahi's Antique Weapon Shoppe.
 26891 | Orc:2    | Found Zauc's Jewellery Shoppe.
 26939 | Orc:2    | Found Ihaawn's Antique Armour Shoppe.
 26945 | Orc:2    | Bought a pair of runed boots for 120 gold pieces
 26945 | Orc:2    | Bought a steaming plate armour for 448 gold pieces
 26945 | Orc:2    | Identified the +0 plate armour of the Bard {-Cast rF+
                  | Str+2} (You bought it in a shop on level 2 of the Orcish
                  | Mines)
 27078 | D:13     | Cast into level 2 of the Abyss (a wizard)
 27233 | Abyss:2  | Found a corrupted altar of Lugonu.
 27251 | D:13     | Escaped the Abyss
 27289 | D:13     | Reached skill level 16 in Fighting
 28770 | D:14     | Found a gate to the Vaults.
 29196 | D:14     | Identified the +0 chain mail "Vaikh" {rN+}
 29751 | D:15     | Entered Level 15 of the Dungeon
 29986 | D:15     | Found a staircase to the Depths.
 30405 | D:15     | Reached XP level 17. HP: 113/116 MP: 24/24
 30870 | D:15     | Found a sacrificial altar of Ru.
 31360 | Shoals:1 | Entered Level 1 of the Shoals
 31526 | Shoals:1 | Reached skill level 5 in Translocations
 31959 | Shoals:1 | Reached skill level 15 in Maces & Flails
 33604 | Shoals:2 | Reached skill level 1 in Throwing
 34047 | Shoals:2 | Acquired a manual of Translocations
 34209 | Shoals:2 | Noticed Kirke
 34215 | Shoals:2 | Killed Kirke
 34690 | Shoals:3 | Reached XP level 18. HP: 92/122 MP: 26/26
 34927 | Shoals:3 | Reached skill level 17 in Fighting
 34944 | Shoals:3 | Reached skill level 15 in Invocations
 35363 | Shoals:4 | Entered Level 4 of the Shoals
 36386 | Shoals:4 | Paralysed by a sphinx for 7 turns
 36568 | Shoals:4 | Identified the +5 dagger of Uncertain Death {flame, rF+ rC-
                  | Will+ Int+2}
 37137 | Shoals:4 | Got a barnacled rune of Zot
 37552 | Orc:2    | Bought an amulet of the acrobat for 360 gold pieces
 37734 | Spider:1 | Entered Level 1 of the Spider Nest
 37737 | Spider:1 | Learned a level 1 spell: Animate Skeleton
 38738 | Spider:2 | Noticed Arachne
 38751 | Spider:2 | Killed Arachne
 38767 | Spider:2 | Reached skill level 18 in Fighting
 38944 | Spider:2 | Reached skill level 10 in Translocations
 38973 | Spider:2 | Reached XP level 19. HP: 87/130 MP: 28/28
 40404 | Spider:3 | Identified Roxanne's Guide on Changing
 40404 | Spider:3 | Noticed Roxanne
 40421 | Spider:3 | Killed Roxanne
 41003 | Spider:4 | Entered Level 4 of the Spider Nest
 42529 | Spider:4 | Got a gossamer rune of Zot
 42820 | Vaults:1 | Entered Level 1 of the Vaults
 42846 | Vaults:1 | Reached skill level 19 in Fighting
 43073 | Vaults:1 | Reached skill level 1 in Necromancy
 43351 | Vaults:1 | Reached XP level 20. HP: 80/139 MP: 29/29
 43534 | Vaults:1 | Learned a level 4 spell: Passage of Golubria
 43556 | Vaults:1 | Found Wire's Book Shoppe.
 44049 | Vaults:1 | Killed from afar by a tengu reaver

Illustrated notes

Levels and vault maps discovered:
D:1:      wander_arrival_estate, layout_rooms, serial_glass, glass_columns_b,
          glass_columns_b, glass_columns_a, glass_columns_b, glass_columns_a,
          glass_columns_a, shapermc_ecumenical_altar_mp_vishouse
D:2:      layout_basic, uniq_natasha
D:3:      layout_basic, cheibrodos_sewer_entry_bend
D:4:      layout_loops_ring, uniq_grinder, uniq_pikel, uniq_sigmund
D:5:      layout_basic, general_overflow_altar, minmay_temple_entry_large_hall,
          uniq_crazy_yiuf_cottage
D:6:      layout_cave_pools, kennysheep_small_circle
D:7:      minmay_slanted_spiral_squares, layout_loops_ring, uniq_maggie
D:8:      layout_rooms
D:9:      layout_basic, minitemple, zombieorc2_lemuel,
          ebering_ghost_disaster_area
D:10:     layout_roguey, erik_lair_island
D:11:     layout_long_grid, kennysheep_flooded_box, elyvilon_altar_4
D:12:     layout_roguey, nicolae_trove_entry_free_sample
D:13:     layout_basic
D:14:     layout_roguey, david_vaults_5, hangedman_parallel_progression
D:15:     grunt_enter_depths_hoard, layout_loops_corners,
          nicolae_ru_path_of_blood
Temple:   zaba_magenta_temple
Lair:1:   layout_roguey
Lair:2:   gammafunk_boulding_lane, layout_cellular_growth, minmay_hedge_maze,
          chequers_serial_rivers_micro_c, st_stairs_9, lemuel_fruit_fields,
          grunt_megastairs_5, minmay_lair_oklob_chamber, lemuel_fruit_fields
Lair:3:   layout_long_grid, spider_nest_entry_webs, ice2_lemuel
Lair:4:   layout_long_grid, elwin_shoals_entry_rooms,
          infiniplex_staircase_pool_2
Lair:5:   layout_layer_cave, slime_dummy, portal_ice_cave_entry_ice_simulacra,
          chequers_serial_rivers_micro_e, serial_bayou_shore_a
Lair:6:   wormcave, layout_cave_pods, hangedman_lair_caniforms_friends
Shoals:1: layout_shoals
Shoals:2: layout_shoals, uniq_kirke
Shoals:3: layout_shoals, nicolae_shoals_arrival_archipelago
Shoals:4: shoals_end_hellmonk_lost_city
Spider:1: layout_spider_delve
Spider:2: layout_spider_delve, drop_trap, nicolae_spider_some_kinda_spiderbox,
          uniq_arachne
Spider:3: layout_spider_delve, uniq_roxanne
Spider:4: grunt_spider_rune_island, drop_trap
Orc:1:    layout_caves, gammafunk_ghost_stat_death, mines1_david, uniq_sonja,
          uniq_urug, uniq_fannar
Orc:2:    grunt_orc_cross, layout_caves, serial_shops, bzr_entry_dummy,
          uniq_saint_roka
Vaults:1: v_misc_31, v_misc_1, nicolae_vaults_little_ls, grunt_vaults_twisty,
          ontoclasm_vaults_shuriken, v_misc_9, layout_vaults_omnigrid,
          serial_shops, nicolae_lakefront_shop

Skill      XL: |  1  2  3  4  5  6  7  8  9 10 11 12 13 14 15 16 17 18 19 |
---------------+----------------------------------------------------------+-----
Maces & Flails | 3 4 5 6 7 10 11 12 13 14 16 | 16.1
Fighting       | 4 5 6 7 12 13 14 15 16 18 19 | 19.2
Armour         | 4 6 8 9 |  9.3
Shields        | 5 6 7 9 |  9.4
Invocations    | 2 3 4 6 7 9 10 12 14 16 17 | 17.6
Dodging        | 1 3 4 5 8 11 | 11.6
Evocations     | 3 4 5 |  5.3
Translocations | 4 5 10 13 | 13.3
Throwing       | 2 |  2.8
Necromancy     | 2 |  2.8

Action                   |  1- 3 |  4- 6 |  7- 9 | 10-12 | 13-15 | 16-18 | 19-21 || total
-------------------------+-------+-------+-------+-------+-------+-------+-------++-------
Melee: Flail             |   115 |   293 |   298 |       |       |       |       ||   706
       Eveningstar       |       |       |       |   353 |   769 |   983 |   372 ||  2477
Throw: Javelin           |       |       |       |       |       |     8 |     3 ||    11
       Throwing net      |       |       |       |       |       |     1 |       ||     1
 Cast: Apportation       |       |       |       |       |       |       |     2 ||     2
Invok: Bend Time         |       |       |       |     4 |     2 |     1 |       ||     7
       Slouch            |       |       |       |       |     6 |     4 |     3 ||    13
Evoke: Wand              |       |     4 |    11 |    10 |    12 |    36 |    25 ||    98
       Condenser vane    |       |       |       |       |       |     1 |       ||     1
  Use: Scroll            |       |     7 |    10 |     6 |    17 |     9 |     6 ||    55
       Potion            |       |     2 |     4 |     4 |     2 |     7 |       ||    19
 Stab: Distracted        |       |       |       |     1 |    16 |    27 |    12 ||    56
       Sleeping          |       |       |       |       |     8 |     9 |     3 ||    20
       Invisible         |       |       |       |       |       |     6 |       ||     6
       Paralysed         |       |       |       |       |       |     3 |     1 ||     4
       Held in net/web   |       |       |       |       |       |       |     4 ||     4
Armor: Scale mail        |    55 |   125 |       |       |       |       |       ||   180
       Chain mail        |       |    55 |   248 |    52 |       |       |       ||   355
       Acid dragon scale |       |       |       |   100 |   103 |       |       ||   203
       Ring mail         |       |       |       |       |   210 |   341 |   157 ||   708
Dodge: Dodged            |    38 |    69 |    78 |   131 |   384 |   776 |   295 ||  1771
Block: Kite shield       |    61 |   133 |   177 |   238 |   635 |  1020 |   427 ||  2691
       Reflection        |       |       |       |       |       |       |    16 ||    16
